 Dungeon Crawl Stone Soup version 0.23-a0-455-ge12115f (webtiles) character file.

3390 theanonym the Gusty (level 9, -2/57 HPs)
             Began as a Mummy Air Elementalist on Nov 24, 2018.
             Was a Follower of Vehumet.
             Slain by a hog (11 damage)
             ... on level 8 of the Dungeon.
             The game lasted 00:21:36 (10466 turns).

theanonym the Gusty (Mummy Air Elementalist)       Turns: 10466, Time: 00:21:37

Health: -2/57      AC:  9    Str: 11    XL:     9   Next: 74%
Magic:  15/25      EV: 11    Int: 18    God:    Vehumet [*.....]
Gold:   171        SH:  5    Dex: 12    Spells: 3/18 levels left

rFire    . . .     SeeInvis .   a - +2 short sword (venom)
rCold    + . .     Gourm    .   k - +0 buckler
rNeg     + + +     Faith    .   o - +3 leather armour {rPois}
rPois    ∞         Spirit   .   (no helmet)
rElec    .         Reflect  .   c - +0 cloak
rCorr    .         Harm     .   j - +0 pair of gloves
MR       +....                  b - +0 pair of boots
Stlth    +.........             (no amulet)
HPRegen  0.19/turn              e - ring of magical power
MPRegen  0.19/turn              p - ring of protection from fire

@: about to teleport
A: no food or potions, fire vulnerability, cold resistance 1, negative energy
resistance 3, torment resistance, unbreathing
a: Renounce Religion


Innate Abilities, Weirdness & Mutations

You do not eat or drink.
Your flesh is vulnerable to fire.
You are immune to poison.
Your flesh is cold resistant. (rC+)
You are immune to negative energy. (rN+++)
You are immune to unholy pain and torment.
You can survive without breathing.


   Skills:
 - Level 1.5 Dodging
 - Level 1.5 Stealth
 - Level 4.1 Shields
 - Level 5.0 Spellcasting
 + Level 7.3 Conjurations
 + Level 7.8 Air Magic


You had 3 spell levels left.
You knew the following spells:

 Your Spells              Type           Power        Failure   Level  Hunger
a - Shock                 Conj/Air       ####         1%          1    N/A
b - Static Discharge      Conj/Air       ####....     2%          3    N/A
c - Lightning Bolt        Conj/Air       ####......   22%         5    N/A
e - Airstrike             Air            ####......   7%          4    N/A
s - Swiftness             Chrm/Air       ###.....     5%          2    N/A

Your spell library contained the following spells:

 Spells                   Type           Power        Failure   Level  Hunger
 Freeze                   Ice            #...         17%         1    N/A

Skill      XL: |  1  2  3  4  5  6  7  8  9 |
---------------+----------------------------+-----
Conjurations   | 1 2 4 5 7 |  7.3
Spellcasting   | 3 4 5 |  5.0
Air Magic      | 3 4 6 7 |  7.8
Shields        | 2 4 |  4.1
Dodging        | |  1.5
Stealth        | |  1.5

Action                   |  1- 3 |  4- 6 |  7- 9 || total
-------------------------+-------+-------+-------++-------
Melee: Club              |    14 |       |       ||    14
       Dagger            |    11 |       |       ||    11
       Short sword       |    13 |    80 |   189 ||   282
 Cast: Shock             |    85 |   131 |    96 ||   312
       Static Discharge  |       |     2 |     5 ||     7
       Airstrike         |       |     6 |    79 ||    85
       Lightning Bolt    |       |       |     3 ||     3
Evoke: Wand              |       |       |     4 ||     4
  Use: Scroll            |       |     9 |     3 ||    12
 Stab: Sleeping          |     4 |     1 |       ||     5
Armor: Robe              |    17 |    10 |       ||    27
       Leather armour    |       |    19 |    67 ||    86
Dodge: Dodged            |    34 |    72 |   104 ||   210
Block: Buckler           |       |    18 |    59 ||    77

Inventory:

Hand Weapons
 a - a +2 short sword of venom (weapon)
   (You took it off a kobold on level 1 of the Dungeon)
 g - a +0 whip of flaming
   (You took it off a kobold on level 1 of the Dungeon)
 i - a +1 dagger of speed
   (You took it off a kobold on level 6 of the Dungeon)
Armour
 b - a +0 pair of boots (worn)
   (You found it on level 3 of the Dungeon)
 c - a +0 cloak (worn)
   (You found it on level 1 of the Dungeon)
 h - a +0 shield
   (You found it on level 7 of the Dungeon)
 j - a +0 pair of gloves (worn)
   (You found it on level 4 of the Dungeon)
 k - a +0 buckler (worn)
   (You found it on level 3 of the Dungeon)
 o - a +3 leather armour of poison resistance (worn)
   (You took it off an orc on level 7 of the Dungeon)
Jewellery
 e - a ring of magical power (left hand)
   (You bought it in a shop on level 4 of the Dungeon)
 p - a ring of protection from fire (right hand)
   (You took it off an orc on level 8 of the Dungeon)
Wands
 m - a wand of flame (12)
   (You took it off Ijyb on level 4 of the Dungeon)
Scrolls
 d - 2 scrolls of immolation
 f - 2 scrolls of fog
 n - 7 scrolls of remove curse
 r - a scroll of identify
 t - 5 scrolls of teleportation {!r}


You were on level 8 of the Dungeon.
You worshipped Vehumet.
Vehumet was aware of your devotion.
You were not hungry.

You visited 2 branches of the dungeon, and saw 9 of its levels.

You collected 411 gold pieces.
You spent 240 gold pieces at shops.

Dungeon Overview and Level Annotations

Branches:
Dungeon (8/15)             Temple (1/1) D:7
   Lair: D:8-11

Altars:
Dithmenos
Elyvilon
Fedhas
Gozag
Hepliaklqana
Kikubaaqudgha
Makhleb
Okawaru
Qazlal
Ru
Sif Muna
Trog
Uskayaw
Vehumet
Wu Jian
Xom
Yredelemnul
The Shining One

Shops:
D:4 =   D:5 }   D:7 (

Annotations:
D:3 2 transporters, epen's ghost, amateur GnWr
D:7 exclusion: oklob plant, Harold

... ######...
##........ #.........
#..#...... ##..#......
#@h........
###........ ###
#.........
##.###...o..... #
##..........##..#
##.#.##...........o###
#.....................
#.............##......
#......#..#..........#


You could see a hog and an orc warrior.

Notes
Turn   | Place    | Note
-------+----------+-------------------------------------------
     0 | D:1      | theanonym the Mummy Air Elementalist began the quest for
                  | the Orb.
     0 | D:1      | Reached XP level 1. HP: 13/13 MP: 4/4
   163 | D:1      | Reached skill level 1 in Conjurations
   192 | D:1      | Reached skill level 3 in Spellcasting
   333 | D:1      | Reached XP level 2. HP: 15/19 MP: 0/6
   992 | D:2      | Reached XP level 3. HP: 22/24 MP: 3/7
  1069 | D:2      | Learned a level 3 spell: Static Discharge
  1072 | D:2      | Learned a level 2 spell: Swiftness
  1389 | D:2      | Reached skill level 3 in Air Magic
  1709 | D:2      | Found a glowing golden altar of the Shining One.
  1755 | D:2      | Reached XP level 4. HP: 30/30 MP: 5/9
  1817 | D:2      | Reached skill level 2 in Conjurations
  2395 | D:3      | Reached skill level 4 in Spellcasting
  2883 | D:3      | Learned a level 4 spell: Airstrike
  2996 | D:3      | Found an ornate altar of the Wu Jian Council.
  2999 | D:3      | Found a hazy altar of Hepliaklqana.
  3204 | D:3      | Found a transporter.
  3225 | D:3      | Found a transporter.
  3262 | D:3      | Noticed epen's ghost (amateur GnWr)
  3284 | D:3      | Reached XP level 5. HP: 35/35 MP: 8/11
  3416 | D:4      | Found Ibriegas's Jewellery Boutique.
  3584 | D:4      | Reached skill level 1 in Shields
  3748 | D:4      | Found a basalt altar of Yredelemnul.
  3766 | D:4      | Noticed Ijyb
  3789 | D:4      | Killed Ijyb
  3789 | D:4      | Reached skill level 2 in Shields
  4172 | D:5      | Entered Level 5 of the Dungeon
  4283 | D:5      | Found Osmiaq's Gadget Boutique.
  4330 | D:4      | Bought an uncursed ring of magical power for 240 gold
                  | pieces
  4348 | D:5      | Noticed a necrophage
  4348 | D:5      | Noticed an ice beast
  4496 | D:5      | Found a burning altar of Makhleb.
  4547 | D:5      | You fall through a shaft!
  4573 | D:6      | Reached XP level 6. HP: 41/41 MP: 12/12
  4650 | D:5      | Reached skill level 3 in Shields
  4870 | D:5      | Killed an ice beast
  4870 | D:5      | Reached skill level 4 in Shields
  4927 | D:5      | Reached XP level 7. HP: 46/46 MP: 2/13
  5101 | D:5      | Learned a level 5 spell: Lightning Bolt
  5120 | D:5      | Reached skill level 5 in Spellcasting
  5179 | D:5      | Found Osmiaq's Gadget Boutique.
  5382 | D:5      | Found a burning altar of Makhleb.
  5467 | D:6      | Reached skill level 3 in Conjurations
  5467 | D:6      | Reached skill level 4 in Air Magic
  5754 | D:6      | Found a sacrificial altar of Ru.
  5825 | D:6      | theanonym: ??airstrike
  5825 | D:6      | beem: airstrike[1/3]: A single target attack spell; uses
                  | smite targeting, so it can hit any monster you can see. It
                  | checks AC and does half again as much damage to flying or
                  | levitating monsters. Spell level 4. 8 + 1d(2 + (Power)/7)
                  | damage.
  5825 | D:6      | theanonym: ??airstrike[2
  5825 | D:6      | beem: airstrike[2/3]: !lg fiveotanaka xl=27 nafe place=zig
                  | 1 -tv
  5825 | D:6      | theanonym: ??airstrike[3
  5825 | D:6      | beem: airstrike[3/3]: Special case: "But air would do no
                  | harm to the air elemental!"
  5867 | D:6      | HP: 19/46 [scorpion (9)]
  6371 | D:6      | Found a stormy altar of Qazlal.
  6539 | D:6      | HP: 20/46 [big kobold/+0 quarterstaff (12)]
  6540 | D:6      | Reached skill level 4 in Conjurations
  6540 | D:6      | Reached XP level 8. HP: 23/52 MP: 3/15
  6932 | D:7      | Noticed Harold
  6961 | D:7      | Reached skill level 5 in Air Magic
  7144 | D:7      | Noticed a hippogriff
  7261 | D:7      | Killed a hippogriff
  7410 | D:7      | Reached skill level 5 in Conjurations
  7553 | D:7      | Found a staircase to the Ecumenical Temple.
  7558 | Temple   | Entered the Ecumenical Temple
  7619 | Temple   | Became a worshipper of Vehumet
  7696 | D:7      | Identified the ring "Tuqikax" {+Blink rPois Int-2 Dex-2
                  | Stlth+}
  7906 | D:7      | Found Ydwi's Antique Weapon Shoppe.
  7942 | D:7      | Found a blossoming altar of Fedhas.
  7955 | D:7      | Noticed an oklob plant
  8238 | D:7      | HP: 25/52 [orc warrior/tomahawk (6)]
  8240 | D:7      | Reached skill level 6 in Air Magic
  8723 | D:7      | HP: 19/52 [oklob plant/splash of acid (9)]
  8723 | D:7      | HP: 9/52 [acid (10)]
  8974 | D:8      | Noticed a hippogriff
  8977 | D:8      | Killed a hippogriff
  8977 | D:8      | Reached XP level 9. HP: 57/57 MP: 12/16
  8986 | D:8      | Reached skill level 6 in Conjurations
  9610 | D:8      | Reached skill level 7 in Air Magic
 10100 | D:8      | Reached * piety under Vehumet
 10100 | D:8      | Offered knowledge of Freeze by Vehumet.
 10145 | D:8      | Reached skill level 7 in Conjurations
 10461 | D:8      | HP: 27/57 [hog (6)]
 10465 | D:8      | HP: 9/57 [hog (12)]
 10466 | D:8      | Slain by a hog

Vanquished Creatures
  2 hippogriffs
  A hungry ghost (D:7)
  2 wargs (D:8)
  5 orc warriors
  A black bear (D:7)
  An ice beast (D:5)
  A phantom (D:5)
  A necrophage (D:5)
  A centaur (D:6)
  A big kobold (D:6)
  3 bullfrogs
  A wyvern zombie (D:7)
  4 scorpions
  2 howler monkeys
  4 crimson imps
  3 hounds
  10 orc wizards
  11 orc priests
  A bullfrog skeleton (D:8)
  Ijyb (D:4)
  An iguana (D:8)
  2 worker ants
  6 adders
  A shadow imp (D:6)
  An adder skeleton (D:8)
  4 worms
  3 dart slugs
  7 leopard geckos
  30 orcs
  4 giant cockroaches
  15 goblins
  8 hobgoblins
  5 jackals
  26 kobolds
  A quokka (D:2)
  2 ball pythons
  4 bats
  3 frilled lizards (D:1)
  A jackal skeleton (D:4)
  A quokka skeleton (D:4)
  10 rats
  A fungus (D:7)
192 creatures vanquished.

Vanquished Creatures (others)
  A plant (D:8)
  12 toadstools (D:7)
13 creatures vanquished.

Grand Total: 205 creatures vanquished

Table legend:
 A = Turns spent in this place as a percentage of turns spent in the entire game.
 B = Non-inter-level travel turns spent in this place as a percentage of non-inter-level travel turns spent in the entire game.
 C = Inter-level travel turns spent in this place as a percentage of turns spent in this place.
 D = Turns resting spent in this place as a percentage of non-inter-level travel turns spent in this place.
 E = Turns spent auto-exploring this place as a percentage of non-inter-level travel turns spent in this place.
 F = Non-inter-level travel turns spent in this place divided by the number of levels of this place that you've seen.
                   A       B       C       D       E      F
               +-------+-------+-------+-------+-------+----------------------
         Total | 100.0 | 100.0 |   4.8 |  48.4 |  37.3 | 1106.8
       Dungeon |  99.3 |  99.6 |   4.5 |  48.6 |  37.1 | 1240.5
        Temple |   0.7 |   0.4 |  49.3 |   0.0 |  91.9 |  37.0
               +-------+-------+-------+-------+-------+----------------------
